AoeStats
← miguelon01

African Clearing

510420638Analyzed
4v4 RM · 17h ago on Sep 30, 2026· 58m 22s· 8 players
Game mode
Random Map
Map size
Large (8 player)
Population
200
Speed
Normal
Resources
Standard
Victory
Conquest
Starting age
Dark Age
Ending age
Imperial Age
RankedLock teamsTeams togetherTeam positionsShared explorationLock speedFull tech treeHidden civsTurbo modeCheats
Victory
Defeat
🇵🇪 Huns · Peru
1091
+15
🇧🇷 Poles · Brazil
1043
+17
🇲🇽 Aztecs · Mexico
1042
+17
🇮🇹 Bulgarians · Italy
1039
+17
🇫🇷 Huns · France
1120
-18
🇨🇦 Britons · Canada
1093
-17
🇺🇸 Burgundians · United States
1067
-17
🇫🇷 Vietnamese · France
1013
-14
Don Juan el Valiente
3:43 Loom
4:40 Wheelbarrow
8:13 Wheelbarrow
13:17 Horse Collar
13:26 Double-Bit Axe
16:03 Feudal Age
17:51 Hand Cart
18:21 Bow Saw
18:13 Heavy Plow
20:23 Hand Cart
22:36 Castle Age
22:30 Gold Mining
24:06 Gold Shaft Mining
24:51 Two-Man Saw
24:25 Crop Rotation
23:37 Cavalier
24:18 Husbandry
28:38 Forging
29:10 Town Watch
32:59 Treadmill Crane
36:47 Imperial Age
34:55 Light Cavalry
37:58 Iron Casting
37:37 Pikeman
38:18 Squires
38:55 Murder Holes
39:34 Masonry
40:31 Hoardings
42:39 Blast Furnace
55:45 Town Patrol
55:29 Hussar
jawsy_
10:29 Loom
13:35 Feudal Age
17:20 Castle Age
15:08 Double-Bit Axe
15:06 Horse Collar
19:10 Bow Saw
19:38 Heavy Plow
25:52 Wheelbarrow
28:33 Gold Mining
28:33 Stone Mining
32:25 Imperial Age
30:17 Hand Cart
30:07 Fletching
30:18 Padded Archer Armor
30:28 Forging
31:27 Gold Shaft Mining
31:32 Ballistics
31:47 Thumb Ring
31:54 Bloodlines
31:45 Husbandry
31:19 Light Cavalry
32:00 Bodkin Arrow
32:21 Leather Archer Armor
32:46 Heavy Cavalry Archer
33:51 Parthian Tactics
33:35 Bracer
35:06 Chemistry
34:04 Hussar
35:19 Conscription
35:21 Atheism
36:47 Two-Man Saw
37:29 Scale Barding Armor
38:00 Iron Casting
37:20 Crossbowman
PlayerNbrOne
9:35 Loom
12:28 Feudal Age
13:07 Feudal Age
14:36 Double-Bit Axe
15:30 Wheelbarrow
17:22 Fishing Lines
20:02 Castle Age
22:51 Horse Collar
24:46 Gillnets
25:27 Heavy Plow
25:36 Heavy Plow
26:08 Bow Saw
27:02 Hand Cart
27:02 Stone Mining
29:31 Gold Mining
34:06 Imperial Age
31:27 Pikeman
32:08 Squires
32:21 Forging
33:41 Iron Casting
33:06 Scale Mail Armor
34:16 Halberdier
37:08 Fletching
37:18 Padded Archer Armor
37:11 Treadmill Crane
37:52 Ballistics
38:33 Chemistry
38:40 Two-Man Saw
37:35 Crossbowman
38:39 Bodkin Arrow
38:59 Leather Archer Armor
39:45 Blast Furnace
39:01 Chain Mail Armor
38:34 Arbalester
40:00 Gold Shaft Mining
43:29 Plate Mail Armor
Suko
9:48 Loom
20:00 Feudal Age
24:47 Castle Age
23:03 Stone Mining
24:20 Gold Mining
26:42 Horse Collar
34:06 Padded Archer Armor
33:57 Fletching
34:51 Wheelbarrow
34:33 Double-Bit Axe
34:51 Heavy Plow
35:50 Bow Saw
37:47 Hand Cart
38:42 Thumb Ring
38:00 Crossbowman
38:52 Elite Skirmisher
41:35 Leather Archer Armor
41:15 Bodkin Arrow
43:59 Imperial Age
44:28 Arbalester
45:50 Ring Archer Armor
45:21 Bracer
47:46 Elite Rattan Archer
53:02 Ballistics
53:43 Chemistry
52:57 Fortified Wall
53:30 Imperial Skirmisher
Tlacaelel.MX
7:37 Loom
13:34 Feudal Age
20:29 Castle Age
19:37 Stone Mining
20:07 Fletching
20:17 Gold Mining
20:13 Double-Bit Axe
23:40 Scale Mail Armor
23:40 Town Watch
28:56 Wheelbarrow
28:08 Horse Collar
28:22 Eagle Warrior
30:30 Heavy Plow
31:20 Ballistics
31:09 Squires
32:51 Fortified Wall
33:49 Hand Cart
33:27 Arson
34:22 Chain Mail Armor
35:09 Fervor
35:21 Bow Saw
39:04 Imperial Age
36:37 Bodkin Arrow
37:06 Murder Holes
37:49 Forging
37:19 Pikeman
38:47 Sanctity
39:06 Gold Shaft Mining
39:24 Treadmill Crane
39:13 Elite Eagle Warrior
40:31 Iron Casting
41:18 Plate Mail Armor
40:30 Man-at-Arms
41:19 Gambesons
41:22 Long Swordsman
43:21 Stone Shaft Mining
43:36 Garland Wars
44:15 Bracer
45:40 Blast Furnace
45:30 Crop Rotation
45:18 Padded Archer Armor
44:50 Two-Handed Swordsman
46:38 Conscription
46:48 Capped Ram
46:52 Champion
49:05 Siege Ram
50:05 Redemption
51:20 Chemistry
51:12 Leather Archer Armor
51:28 Siege Engineers
54:18 Elite Skirmisher
55:01 Atlatl
55:04 Crossbowman
57:59 Block Printing
Tikka Masala
9:29 Loom
14:34 Feudal Age
19:59 Castle Age
17:46 Double-Bit Axe
21:53 Horse Collar
26:44 Wheelbarrow
26:50 Bow Saw
27:16 Town Watch
30:28 Fletching
31:19 Hand Cart
30:53 Pikeman
32:12 Gold Mining
33:36 Ballistics
34:42 Scale Barding Armor
37:27 Imperial Age
35:40 Town Patrol
36:03 Chain Barding Armor
36:38 Gold Shaft Mining
36:40 Forging
37:57 Iron Casting
37:37 Elite Konnik
38:58 Plate Barding Armor
42:35 Blast Furnace
42:22 Caravan
43:41 Squires
43:27 Gambesons
46:29 Careening
46:20 Murder Holes
47:45 Chemistry
48:22 Caravan
48:37 Onager
49:31 Siege Engineers
49:30 Halberdier
50:15 Scale Mail Armor
50:15 Stone Mining
50:36 Siege Onager
mid or techies
6:55 Loom
14:00 Feudal Age
14:50 Double-Bit Axe
14:47 Horse Collar
18:48 Castle Age
20:43 Bow Saw
20:34 Heavy Plow
22:56 Stone Mining
27:43 Marauders
27:49 Gold Mining
28:14 Bloodlines
28:05 Husbandry
31:13 Imperial Age
29:23 Bloodlines
29:13 Husbandry
30:29 Gold Shaft Mining
30:01 Husbandry
31:38 Forging
32:21 Wheelbarrow
32:35 Conscription
33:20 Iron Casting
33:15 Scale Barding Armor
33:56 Elite Tarkan
35:24 Town Watch
37:25 Blast Furnace
37:00 Hand Cart
36:46 Town Patrol
38:37 Chain Barding Armor
43:40 Sappers
57:38 Cavalier
59:29 Plate Barding Armor
miguelon01
15:22 Feudal Age
21:08 Castle Age
23:40 Double-Bit Axe
25:48 Wheelbarrow
27:05 Horse Collar
28:07 Stone Mining
28:11 Pikeman
28:58 Scale Mail Armor
29:07 Gold Mining
32:17 Forging
35:28 Imperial Age
34:08 Iron Casting
34:13 Bow Saw
35:07 Loom
35:41 Szlachta Privileges
35:52 Bloodlines
35:42 Husbandry
35:49 Scale Barding Armor
36:07 Heavy Plow
36:00 Cavalier
38:50 Chain Barding Armor
40:16 Blast Furnace
44:48 Treadmill Crane
45:33 Fletching
46:05 Ballistics
45:59 Murder Holes
48:16 Bodkin Arrow
48:22 Padded Archer Armor
48:45 Ballistics
49:25 Chemistry
48:59 Elite Skirmisher
50:41 Chemistry
Connection lost

Rejoining the realm…

Still unreachable

The connection could not be restored.

Session expired

The server has moved on; the page needs a fresh start.